 Dungeon Crawl Stone Soup version 0.30-a0-578-gdee14c521f (webtiles) character file.

Game seed: 5994977794462308916

1 wormed the Sneak (level 1, 0/14 HPs)
             Began as a Kobold Delver on Jan 1, 2023.
             Slain by an orc
             ... wielding a +1 heavy falchion
              (14 damage)
             ... on level 4 of the Dungeon.
             The game lasted 00:00:54 (124 turns).

wormed the Sneak (Kobold Delver)                     Turns: 124, Time: 00:00:55

Health: 0/14       AC:  3    Str:  9    XL:     1   Next: 22%
Magic:  1/1        EV: 14    Int: 11    God:
Gold:   0          SH:  0    Dex: 16    Spells: 0/0 levels left

rFire   . . .      SeeInvis .    a - +0 short sword
rCold   . . .      Faith    .    (no shield)
rNeg    . . .      Spirit   .    b - +0 leather armour
rPois   .          Reflect  .    (no helmet)
rElec   .          Harm     .    (no cloak)
rCorr   .          Rampage  .    (no gloves)
Will    .....                    (no boots)
Stlth   ++++                     (no amulet)
HPRegen 0.22/turn                (no ring)
MPRegen 0.07/turn                (no ring)

@: no status effects
A: small, no large weapons, nightstalker 3
a: no special abilities


You were on level 4 of the Dungeon.
You visited 1 branch of the dungeon, and saw 2 of its levels.

Inventory:

Hand Weapons
 a - a +0 short sword (weapon)
Armour
 b - a +0 leather armour (worn)
Wands
 g - a wand of digging (3)
Scrolls
 c - a scroll of fog
Potions
 f - a potion of haste


   Skills:
 + Level 3.3 Fighting
 * Level 2.7 Short Blades
 + Level 2.4 Dodging
 + Level 6.6 Stealth


You couldn't memorise any spells.
You didn't know any spells.
Your spell library was empty.

Dungeon Overview and Level Annotations

Branches:
Dungeon (5/15)
 Temple: D:4-7

Altars:
Gozag

Shops:
D:5 (


Innate Abilities, Weirdness & Mutations

You are small and have problems with some larger weapons.
You are completely attuned to the shadows.


Message History

Welcome, wormed the Kobold Delver.
A smirking vizier told you that the Orb of Zot is just within this dungeon.
Press ? for a list of commands and other information.
Found a stone staircase leading down.
Found a stone staircase leading down.
As you read the scroll of magic mapping, it crumbles to dust.
You feel aware of your surroundings.
You sensed 1 altar, and 1 shop/portal.
Found an escape hatch in the ceiling.
Found 5 stones.
Found 5 stones.
Found 17 gold pieces.
You open the door.
Found an opulent altar of Gozag.
Found 12 gold pieces.
An ogre comes into view. It is wielding a +0 giant spiked club.
You see here 12 gold pieces.
The ogre shouts!
Found Seohalin's Weapon Shoppe.
There is an entrance to Seohalin's Weapon Shoppe here.
As you read the scroll of fear, it crumbles to dust.
You assume a fearsome visage.
The ogre looks frightened!
Found a stone staircase leading down.
There is an escape hatch in the ceiling here.
A mysterious force pulls you upwards. The hatch slams shut behind you.
A quokka comes into view.
The helpless quokka fails to defend itself.
You impale the quokka!!
You kill the quokka!
An orc comes into view. It is wielding a +1 heavy falchion.
The orc shouts!
You hit the orc.
The orc is lightly wounded.
The orc misses you.
You barely miss the orc.
The orc is lightly wounded.
The orc hits you with a +1 heavy falchion!
Ouch! That really hurt!
You die...

###.##.#
#......#
..##.####
.....#####
.........##..
.#...........
##....†......
#........o...
.##..##.@#
.....##..#.
............
..#..##..#..
..#..##.....
....###.#.
..... ..


You could see an orc.

Vanquished Creatures
  A quokka (D:4)
1 creature vanquished.

Vanquished Creatures (others)
  A plant (D:5)
1 creature vanquished.

Grand Total: 2 creatures vanquished

Notes
Turn   | Place    | Note
-------+----------+-------------------------------------------
     0 | D:5      | wormed the Kobold Delver began the quest for the Orb.
     0 | D:5      | Reached XP level 1. HP: 14/14 MP: 1/1
    23 | D:5      | Found an opulent altar of Gozag.
    37 | D:5      | Noticed an ogre
    44 | D:5      | Found Seohalin's Weapon Shoppe.
   124 | D:4      | Slain by an orc

Illustrated notes

Levels and vault maps discovered:
D:4:      layout_basic, trog_butcher_becter, vehumet_crystals,
          kennysheep_generic_room_7, uniq_duvessa, uniq_pikel
D:5:      layout_cave_pools, kennysheep_mini_moat, serial_shops,
          nicolae_shop_crystal, serial_bayou, serial_bayou_shore_b,
          serial_bayou_ford_a, serial_bayou_pond_d, serial_bayou_pond_e,
          serial_bayou_pond_d, serial_bayou_crossing, minmay_misc_feat_diagonals

Action                   || total
-------------------------++-------
Melee: Short sword       ||     3
  Use: Scroll            ||     2
 Stab: Sleeping          ||     1
Dodge: Dodged            ||     1

Table legend: (Time is in decaauts)
 A = Elapsed time spent in this place.
 B = Non-inter-level travel time spent in this place.
 C = Inter-level travel time spent in this place.
 D = Time resting spent in this place.
 E = Time spent auto-exploring this place.
 F = Levels seen in this place.
 G = Mean time per level.
                   A        B        C        D        E       F      G
               +--------+--------+--------+--------+--------+-----+--------+
         Total |    123 |    123 |      0 |      0 |     19 |   2 |   61.5 |
       Dungeon |    123 |    123 |      0 |      0 |     19 |   2 |   61.5 |
               +--------+--------+--------+--------+--------+-----+--------+

Top non-repeatable levels by time:
     D:5: 100 daAuts
     D:4: 23 daAuts
